 Dungeon Crawl Stone Soup version 0.28-a0-1396-gdcb3f3653b (webtiles) character file.

Game seed: 344199395706623203

144 Delamore the Poker (level 5, -3/61 HPs)
             Began as a Formicid Fighter on Jan 5, 2022.
             Slain by a gnoll (4 damage)
             ... on level 4 of the Dungeon.
             The game lasted 00:02:59 (3478 turns).

Delamore the Poker (Formicid Fighter)               Turns: 3478, Time: 00:02:59

Health: -3/61      AC: 22    Str: 22    XL:     5   Next: 51%
Magic:  5/5        EV:  2    Int:  8    God:
Gold:   205        SH:  0    Dex: 10    Spells: 4/4 levels left

rFire   . . .      SeeInvis .   j - +1 short sword (venom)
rCold   + . .      Faith    .   c - +0 buckler
rNeg    . . .      Spirit   .   (armour currently unavailable)
rPois   +          Reflect  .   (helmet unavailable)
rElec   .          Harm     .   (cloak currently unavailable)
rCorr   .          Rampage  .   (gloves currently unavailable)
Will    .....                   (boots currently unavailable)
Stlth   +.........              (no amulet)
HPRegen 0.20/turn               i - ring of protection from cold
MPRegen 0.09/turn               (no ring)

@: confused, tree-form, ambrosia-drunk
A: stationary, stasis, torment immunity, boosted hp, permanent stasis, dig
shafts and tunnels, (antennae 3), four strong arms
a: no special abilities


You were on level 4 of the Dungeon.
You were a tree.
You visited 1 branch of the dungeon, and saw 4 of its levels.

You collected 205 gold pieces.

Inventory:

Hand Weapons
 a - a +0 trident
 j - a +1 short sword of venom (weapon)
Missiles
 n - 6 javelins
Armour
 b - a +0 scale mail (melded)
 c - a +0 buckler (worn)
Jewellery
 i - a ring of protection from cold (left branch)
 m - an amulet of magic regeneration
Potions
 d - a potion of might
 e - 2 potions of flight
 f - 2 potions of lignification
 h - a potion of haste
 l - a potion of invisibility {unknown}


   Skills:
 - Level 3.2 Fighting
 + Level 5.3 Polearms
 - Level 3.2 Armour
 - Level 3.6 Shields


You had 4 spell levels left.
You didn't know any spells.
Your spell library contained the following spells:

 Spells                   Type           Power      Damage    Failure   Level
 Dispersal                Tloc           0%         N/A       100%        6
 Disjunction              Tloc           0%         N/A       100%        8


Dungeon Overview and Level Annotations

Branches:
Dungeon (4/15)
 Temple: D:4-7

Altars:
Elyvilon
Hepliaklqana

Annotations:
D:4 2 transporters, whodunnit's ghost, amateur OpTm


Innate Abilities, Weirdness & Mutations

You are a tree.
Your roots penetrate the ground, keeping you stationary.
You cannot be teleported.
You are immune to unholy pain and torment.
Your maximum health is greatly increased.
Your equipment is partially melded.
You cannot be hasted, slowed, berserked, paralysed or teleported.
You can dig through walls and to a lower floor.
((You have a pair of large antennae on your head. (SInv)))
Your four strong arms can wield two-handed weapons with a shield.


Message History

The orc closely misses your quokka.
Your quokka closely misses the gnoll shaman.
The gnoll shaman hits your quokka with a +0 whip!
Your quokka dies!
Your quokka's corpse dissolves into shadows!
The gnoll shaman prays to its god.
The gnoll shaman is healed somewhat.
The gnoll shaman looks more healthy.
The gnoll shaman calls upon its god to speed up the gnoll.
The gnoll seems to speed up.
The gnoll hits you from afar with a +0 halberd.
* * * LOW HITPOINT WARNING * * *
The gnoll closely misses you.
Okay, then.
You block the gnoll's attack.
It was a potion of flight.
You feel very buoyant.
You fly up into the air.
The gnoll hits you but does no damage. The gnoll barely misses you.
It was a potion of lignification.
You turn into a tree.
Your +0 scale mail melds into your body.
Your roots penetrate the ground.
You block the gnoll's attack.
The gnoll hits you but does no damage. x2
It was a potion of haste.
Your stasis prevents you from being hasted.
The gnoll hits you but does no damage. You block the gnoll's attack.
The gnoll hits you but does no damage.
It was a potion of curing.
You feel better. The gnoll hits you but does no damage.
The gnoll hits you from afar with a +0 halberd.
* * * LOW HITPOINT WARNING * * *
The gnoll hits you but does no damage.
It was a potion of ambrosia.
You are confused.
You feel invigorated.
The gnoll hits you from afar with a +0 halberd!
* * * LOW HITPOINT WARNING * * *
The gnoll hits you but does no damage.
The gnoll hits you from afar with a +0 halberd.
You die...

####.....## #..###....#
#....#....# { #....'...o#
#....#....# #....#...{#
#....#....#
#######...g#######+#
#.........og♣.......
#..........g........
#...................
#...................
#.....####......######......#
#.....# #......#....#......#
#.....# +......#....#......#
#.....####......#....#......#
#..?........... ###'##......#


You could see a gnoll shaman, 2 gnolls and an orc.

Vanquished Creatures
  An orc wizard (D:4)
  A gnoll (D:3)
  3 adders
  2 dart slugs (D:1)
  5 orcs
  3 ball pythons (D:2)
  9 bats
  9 endoplasms
  4 giant cockroaches (D:1)
  4 goblins
  4 hobgoblins
  3 quokkas
  3 frilled lizards
  6 kobolds
  4 rats
61 creatures vanquished.

Vanquished Creatures (collateral kills)
  A gnoll (D:4)
1 creature vanquished.

Grand Total: 62 creatures vanquished

Notes
Turn   | Place    | Note
-------+----------+-------------------------------------------
     0 | D:1      | Delamore the Formicid Fighter began the quest for the Orb.
     0 | D:1      | Reached XP level 1. HP: 18/18 MP: 1/1
   100 | D:1      | Reached XP level 2. HP: 16/24 MP: 2/2
   422 | D:1      | Reached skill level 3 in Polearms
   513 | D:1      | Reached XP level 3. HP: 29/29 MP: 3/3
   872 | D:2      | Found a hazy altar of Hepliaklqana.
   940 | D:2      | Reached skill level 4 in Polearms
   940 | D:2      | Reached XP level 4. HP: 35/35 MP: 4/4
   971 | D:2      | Found a faded altar of an unknown god.
  1665 | D:3      | Found a white marble altar of Elyvilon.
  2350 | D:4      | Reached skill level 5 in Polearms
  2350 | D:4      | Reached XP level 5. HP: 17/41 MP: 5/5
  2660 | D:4      | HP: 2/41 [gnoll (10)]
  3326 | D:4      | Noticed whodunnit's ghost (amateur OpTm)
  3328 | D:4      | Found a transporter.
  3346 | D:4      | Found a transporter.
  3469 | D:4      | HP: 1/41 [gnoll (5)]
  3478 | D:4      | HP: 1/61 [gnoll (7)]
  3478 | D:4      | Slain by a gnoll

Illustrated notes

Levels and vault maps discovered:
D:1:      dpeg_arrival_fog, layout_basic
D:2:      layout_rooms, basic_altar, hellmonk_ecumenical_altar_crossroads
D:3:      layout_loops_ring, elyvilon_altar_3
D:4:      layout_gridville, gammafunk_ghost_arena

Skill      XL: |  1  2  3  4 |
---------------+-------------+-----
Polearms       | 3 4 5 |  5.3
Fighting       | |  3.2
Armour         | |  3.2
Shields        | |  3.6

Action                   |  1- 3 |  4- 6 || total
-------------------------+-------+-------++-------
Melee: Trident           |    85 |    64 ||   149
       Short sword       |       |    20 ||    20
  Use: Scroll            |     1 |     4 ||     5
       Potion            |       |     5 ||     5
Armor: Scale mail        |    30 |    20 ||    50
       Skin              |       |     7 ||     7
Dodge: Dodged            |    29 |    32 ||    61
Block: Buckler           |    13 |    26 ||    39

Table legend: (Time is in decaauts)
 A = Elapsed time spent in this place.
 B = Non-inter-level travel time spent in this place.
 C = Inter-level travel time spent in this place.
 D = Time resting spent in this place.
 E = Time spent auto-exploring this place.
 F = Levels seen in this place.
 G = Mean time per level.
                   A        B        C        D        E       F      G
               +--------+--------+--------+--------+--------+-----+--------+
         Total |   3500 |   3381 |    119 |    686 |   2203 |   4 |  875.0 |
       Dungeon |   3500 |   3381 |    119 |    686 |   2203 |   4 |  875.0 |
               +--------+--------+--------+--------+--------+-----+--------+

Top non-repeatable levels by time:
     D:3: 1342 daAuts
     D:1: 785 daAuts
     D:4: 777 daAuts
     D:2: 594 daAuts
